 Dungeon Sprint DCSS version 0.27.1-3-gb3d3a73c9e (webtiles) character file.

Game seed: 15637927677660855558

436 raph the Carver (level 6, -4/93 HPs)
             Began as a Minotaur Berserker on Oct 9, 2021.
             Was a Believer of Trog.
             Slain by Sonja (8 damage)
             ... in the Dungeon (Sprint I: "Red Sonja").
             The game lasted 00:01:16 (605 turns).

raph the Carver (Minotaur Berserker)                 Turns: 605, Time: 00:01:16

Health: -4/93      AC:  2    Str: 21    XL:     6   Next: 68%
Magic:  5/5        EV: 14    Int:  4    God:    Trog [**....]
Gold:   183        SH:  0    Dex: 12    Spells: 5/5 levels left

rFire    . . .     SeeInvis .   a - +0 falchion
rCold    . . .     Faith    .   (no shield)
rNeg     . . .     Spirit   .   b - +0 animal skin
rPois    .         Reflect  .   (helmet restricted)
rElec    .         Harm     .   (no cloak)
rCorr    .         Rampage  .   (no gloves)
Will     ++...     NoTele   +   (no boots)
Stlth    ..........             k - amulet of the acrobat
HPRegen  1.25/turn              (no ring)
MPRegen  0.09/turn              (no ring)

@: berserking (expiring), lethally poisoned (-4 -> -35), strong-willed,
regenerating, slowed
A: horns 2, retaliatory headbutt
a: Renounce Religion, Berserk, Trog's Hand


You were in the Dungeon.
You worshipped Trog.
Trog was pleased with you.
You visited 1 branch You collected 308 gold pieces.
You spent 125 gold pieces at shops.

Inventory:

Hand Weapons
 a - a +0 falchion (weapon)
Armour
 b - a +0 animal skin (worn)
Jewellery
 k - an amulet of the acrobat (around neck)
Scrolls
 h - a scroll of blinking
Potions
 c - 3 potions of curing
 d - a potion of heal wounds
 e - a potion of haste
 f - 2 potions of magic
 g - a potion of berserk rage
 i - a potion of might {unknown}
 j - a potion of brilliance {unknown}


   Skills:
 + Level 8.5 Fighting
 * Level 11.3 Long Blades
 + Level 8.1 Armour
 + Level 7.4 Dodging


You had 5 spell levels left.
You didn't know any spells.
Your spell library was empty.

Dungeon Overview and Level Annotations

Branches:
Dungeon (1/1)

Altars:
Cheibriados
Dithmenos
Elyvilon
Fedhas
Gozag
Hepliaklqana
Kikubaaqudgha
Nemelex Xobeh
Okawaru
Qazlal
Ru
Sif Muna
Trog
Uskayaw
Vehumet
Wu Jian
Yredelemnul
Zin
The Shining One

Shops:
D *

Annotations:
D Sonja


Innate Abilities, Weirdness & Mutations

You have a pair of horns on your head.
You reflexively headbutt those who attack you in melee.


Message History

Sonja misses you.
Sonja hits you with a +0 short sword of venom.
You are more poisoned.
You miss Sonja. You headbutt Sonja.
Sonja is moderately wounded.
You feel very sick. Sonja closely misses you.
You riposte.
You slash Sonja!
Sonja is severely wounded.
Sonja hits you with a +0 short sword of venom.
You are more poisoned.
Sonja closely misses you.
You closely miss Sonja. Your headbutt misses Sonja.
Sonja is severely wounded.
You feel very sick.
Sonja hits you with a +0 short sword of venom. x2
You are more poisoned.
Sonja hits you with a +0 short sword of venom.
You are lethally poisoned!
You barely miss Sonja. Your headbutt misses Sonja.
Sonja is severely wounded.
* * * LOW HITPOINT WARNING * * *
You feel extremely sick. Sonja barely misses you.
You riposte.
You slash Sonja!
Sonja is almost dead.
Sonja misses you.
Sonja hits you with a +0 short sword of venom.
* * * LOW HITPOINT WARNING * * *
You are more poisoned.
You miss Sonja. Your headbutt misses Sonja.
Sonja is almost dead.
* * * LOW HITPOINT WARNING * * *
You feel extremely sick.
Sonja casts a spell.
Sonja resists with significant effort.
You closely miss Sonja.
Sonja is almost dead.
* * * LOW HITPOINT WARNING * * *
You feel extremely sick.
Sonja hits you with a +0 short sword of venom!
You die...

################
#<.#..)..#..'..#
#..').#..').#..+
#..#####'#####'#
#..####..#...#.#
#..#__####..##.#
#..#_____##'#_.+
#⌠⌠#_.∩...K@.._#
####_..__##_.#+#
#_____###'#
####### #.# $.$
$.$# ##.## #+#


You could see Sonja.

Vanquished Creatures
  Sigmund (D)
  A yak (D)
  An ogre (D)
  A jelly (D)
  Ijyb (D)
5 creatures vanquished.

Notes
Turn   | Place    | Note
-------+----------+-------------------------------------------
     0 | D        | raph the Minotaur Berserker began the quest for the Orb.
     0 | D        | Reached XP level 1. HP: 19/19 MP: 0/0
     1 | D        | Noticed Ijyb
     5 | D        | Killed Ijyb
     6 | D        | Reached skill level 5 in Long Blades
     6 | D        | Reached XP level 2. HP: 28/28 MP: 1/1
    50 | D        | Noticed an ogre
    53 | D        | Killed an ogre
    54 | D        | Reached skill level 7 in Long Blades
    54 | D        | Reached skill level 5 in Armour
    54 | D        | Reached XP level 3. HP: 37/37 MP: 2/2
    54 | D        | Reached XP level 4. HP: 44/44 MP: 3/3
    93 | D        | Noticed Sigmund
    98 | D        | Killed Sigmund
    98 | D        | Reached ** piety under Trog
    99 | D        | Reached skill level 10 in Long Blades
    99 | D        | Reached XP level 5. HP: 52/52 MP: 4/4
    99 | D        | Reached XP level 6. HP: 60/60 MP: 5/5
   186 | D        | Found a shimmering blue altar of Sif Muna.
   187 | D        | Found an ornate altar of the Wu Jian Council.
   188 | D        | Found a radiant altar of Vehumet.
   354 | D        | Found Gojottuf's Assorted Antiques.
   354 | D        | Found an ancient bone altar of Kikubaaqudgha.
   354 | D        | Found a hazy altar of Hepliaklqana.
   354 | D        | Found a stormy altar of Qazlal.
   354 | D        | Found a hide-covered altar of Uskayaw.
   354 | D        | Found a blossoming altar of Fedhas.
   354 | D        | Found a bloodstained altar of Trog.
   354 | D        | Found an iron altar of Okawaru.
   354 | D        | Found a basalt altar of Yredelemnul.
   354 | D        | Found a glowing golden altar of the Shining One.
   354 | D        | Found a snail-covered altar of Cheibriados.
   354 | D        | Found a sacrificial altar of Ru.
   354 | D        | Found a glowing silver altar of Zin.
   354 | D        | Found a shadowy altar of Dithmenos.
   354 | D        | Found a white marble altar of Elyvilon.
   354 | D        | Noticed a yak
   357 | D        | Killed a yak
   358 | D        | Reached skill level 11 in Long Blades
   579 | D        | Found an opulent altar of Gozag.
   580 | D        | Found a sparkling altar of Nemelex Xobeh.
   584 | D        | Bought a dented steel amulet for 125 gold pieces
   595 | D        | Noticed Sonja
   605 | D        | HP: 4/93 [poisoned by Sonja]
   605 | D        | Slain by Sonja

Illustrated notes

Levels and vault maps discovered:
D:        dungeon_sprint_1 [red_sonja_temple_1, red_sonja_temple_small_1]

Skill      XL: |  1  2  3  4  5  6 |
---------------+-------------------+-----
Fighting       | 4 6 7 8 |  8.5
Long Blades    | 5 7 10 11 | 11.3
Armour         | 3 5 7 8 |  8.1
Dodging        | 3 4 6 7 |  7.4

Action                   |  1- 3 |  4- 6 || total
-------------------------+-------+-------++-------
Melee: Falchion          |     4 |    13 ||    17
       Headbutt          |     2 |     3 ||     5
Invok: Berserk           |     2 |     4 ||     6
       Trog's Hand       |       |     1 ||     1
Dodge: Dodged            |     1 |    11 ||    12
       Rpst.: Falchion   |       |     4 ||     4
